 Dungeon Crawl Stone Soup version 0.31.0-11-ge490571c62 (webtiles) character file.

Game seed: 5326562463697065805

23 Flugkiller the Chiller (level 2, 1/13 HPs)
             Began as a Vine Stalker Ice Elementalist on Feb 2, 2024.
             Quit the game on level 3 of the Dungeon.
             The game lasted 00:01:35 (337 turns).

Flugkiller the Chiller (VSIE)                        Turns: 337, Time: 00:01:36

Health: 1/13       AC:  2    Str: 10    XL:     2   Next: 95%
Magic:  0/6        EV: 12    Int: 15    God:
Gold:   49         SH:  0    Dex: 14    Spells: 5/6 levels left

rFire   . . .        j - +0 dagger
rCold   . . .        (no shield)
rNeg    . . .        a - +0 robe
rPois   .            (no helmet)
rElec   .            (no cloak)
rCorr   .            (no gloves)
SInv    .            (no boots)
Will    .....        (no amulet)
Stlth   ++           (no ring)
HPRegen 1.02/turn    (no ring)
MPRegen 0.10/turn

%: guardian spirit
@: no status effects
A: fangs 2, regeneration 1, magic shield, antimagic bite, no potion heal 2
a: no special abilities


You were on level 3 of the Dungeon.
You visited 1 branch of the dungeon, and saw 4 of its levels.

You collected 49 gold pieces.

Inventory:

Hand Weapons
 j - a +0 dagger (weapon)
   (You took it off a goblin on level 3 of the Dungeon)
 l - a +0 trident
   (You took it off an orc on level 4 of the Dungeon)
Missiles
 h - 5 javelins
Armour
 a - a +0 robe (worn)
 f - an orb of mayhem
   (You found it on level 2 of the Dungeon)
Scrolls
 c - 2 scrolls of identify {unknown}
 i - a scroll of teleportation {unknown}
 m - a scroll of vulnerability {unknown}
Potions
 d - a potion of attraction {unknown}
 e - 2 potions of curing {unknown}
 g - a potion of invisibility {unknown}
 k - a potion of mutation {unknown}
 n - a potion of cancellation {unknown}


   Skills:
 - Level 1.5 Dodging
 - Level 2.4 Stealth
 + Level 2.9 Spellcasting
 + Level 4.4 Ice Magic


You had 5 spell levels left.
You knew the following spells:

 Your Spells              Type           Power      Damage    Failure   Level
a - Freeze                Ice            60%        1d7       3%          1

Your spell library contained the following spells:

 Spells                   Type           Power      Damage    Failure   Level
 Frozen Ramparts          Ice            30%        1d5       10%         3
 Ozocubu's Armour         Ice            15%        N/A       10%         3
 Summon Ice Beast         Ice/Summ       8%         N/A       24%         3


Dungeon Overview and Level Annotations

Branches:
Dungeon (4/15) Zot: 23663
 Temple: D:4-7

Altars:
Dithmenos
Ru
Uskayaw

Annotations:
D:3 Robin


Innate Abilities, Weirdness & Mutations

You have extremely sharp teeth.
Your natural rate of healing is unusually fast.
When hurt, damage is shared between your health and your magic reserves.
Your bite disrupts and absorbs the magic of your enemies.
Potions cannot restore your health.


Message History

A quokka comes into view.
Found 11 gold pieces.
Found a stone staircase leading down.
The quokka completely misses you. The quokka barely misses you.
Casting: Freeze (safe; 3% risk of failure)
Confirm with . or Enter, or press ? or * to list all spells.
Aiming: Freeze (safe; 3% risk of failure)
Press: ? - help, Shift-Dir - straight line, f - quokka
Aim: a quokka You freeze the quokka.
The quokka is lightly wounded.
The quokka barely misses you.
Casting: Freeze (safe; 3% risk of failure)
Confirm with . or Enter, or press ? or * to list all spells.
Aiming: Freeze (safe; 3% risk of failure)
Press: ? - help, Shift-Dir - straight line, f/p - quokka
Aim: a quokka (lightly wounded)
You freeze the quokka.
You kill the quokka!
A lemure comes into view.
The lemure shouts!
Found a scale mail.
The kobold shouts!
Found 5 gold pieces.
The kobold hits you with a +0 short sword.
Casting: Freeze (safe; 3% risk of failure)
Confirm with . or Enter, or press ? or * to list all spells.
Aiming: Freeze (safe; 3% risk of failure)
Press: ? - help, Shift-Dir - straight line, f - kobold
Aim: a kobold, wielding a +0 short sword You freeze the kobold.
The kobold is heavily wounded.
The kobold closely misses you.
Casting: Freeze (safe; 3% risk of failure)
Confirm with . or Enter, or press ? or * to list all spells.
Aiming: Freeze (safe; 3% risk of failure)
Press: ? - help, Shift-Dir - straight line, f/p - kobold
Aim: a kobold, wielding a +0 short sword (heavily wounded)
You freeze the kobold.
The kobold is severely wounded.
The kobold hits you with a +0 short sword.
Casting: Freeze (safe; 3% risk of failure)
Confirm with . or Enter, or press ? or * to list all spells.
Aiming: Freeze (safe; 3% risk of failure)
Press: ? - help, Shift-Dir - straight line, f/p - kobold
Aim: a kobold, wielding a +0 short sword (severely wounded)
You freeze the kobold.
You kill the kobold!
Found a stone staircase leading up.
A ball python comes into view.
The ball python hisses angrily.
You closely miss the ball python. You bite the ball python.
You drain its power.
You feel invigorated.
The ball python is moderately wounded.
The ball python closely misses you. The ball python barely misses you.
You can't go up here!
Casting: Freeze (safe; 3% risk of failure)
Confirm with . or Enter, or press ? or * to list all spells.
Aiming: Freeze (safe; 3% risk of failure)
Press: ? - help, Shift-Dir - straight line, f - ball python
Aim: a ball python (moderately wounded)
You freeze the ball python.
You kill the ball python!
The lemure attacks as it pursues you! The lemure hits you.
There is a stone staircase leading up here.
You see here a ball python corpse.
The lemure barely misses you.
You climb upwards.
Level annotation: Robin
Found six items.
Found a stone staircase leading up.
There is a stone staircase leading down here.
The lemure attacks as it pursues you! The lemure hits you.
You see here a scroll labelled XOULOCL HUXAFECK.
Found a scroll labelled WETAARHUPENO and 20 gold pieces.
The lemure attacks as it pursues you! The lemure hits you!
Magic courses through your body. The lemure misses you.
Casting: Freeze (safe; 3% risk of failure)
Confirm with . or Enter, or press ? or * to list all spells.
Aiming: Freeze (safe; 3% risk of failure)
Press: ? - help, Shift-Dir - straight line, f - lemure
Aim: a lemure You freeze the lemure.
The lemure is moderately wounded.
The lemure hits you.
Casting: Freeze (safe; 3% risk of failure)
Confirm with . or Enter, or press ? or * to list all spells.
Aiming: Freeze (safe; 3% risk of failure)
Press: ? - help, Shift-Dir - straight line, f/p - lemure
Aim: a lemure (moderately wounded)
You freeze the lemure.
The lemure is moderately wounded.
The lemure hits you!
* * * LOW HITPOINT WARNING * * *
Casting: Freeze (safe; 3% risk of failure)
Confirm with . or Enter, or press ? or * to list all spells.
You don't have enough magic to cast this spell.
Unknown command.
Unknown command.
Unknown command.
Unknown command.
Are you sure you want to abandon this character and quit the game? (Confirm with "yes".)

#######
#####......#
##?..........
#............
#..@......... ..
..?....#5.?.....J
....
.......#.<.......
....
.......#.>[......
....
.......##........
... $......
#........ .. .
....... .........
#####.. .......
..$......
#.......
#.........


You could see a lemure.

Vanquished Creatures
  An orc (D:4)
  A bat (D:3)
  An endoplasm (D:2)
  A giant cockroach (D:2)
  3 goblins
  3 hobgoblins
  A kobold (D:4)
  A quokka (D:4)
  3 ball pythons
  3 frilled lizards
  A rat (D:2)
19 creatures vanquished.

Notes
Turn   | Place    | Note
-------+----------+-------------------------------------------
     0 | D:1      | Flugkiller the Vine Stalker Ice Elementalist began the
                  | quest for the Orb.
     0 | D:1      | Reached XP level 1. HP: 9/9 MP: 4/4
   135 | D:3      | Reached XP level 2. HP: 13/13 MP: 0/6
   229 | D:3      | Noticed Robin
   235 | D:4      | Found a shadowy altar of Dithmenos.
   238 | D:4      | Found a sacrificial altar of Ru.
   238 | D:4      | Found a hide-covered altar of Uskayaw.
   300 | D:4      | Noticed a lemure
   337 | D:3      | Quit the game

Illustrated notes

Levels and vault maps discovered:
D:1:      psy_arrival_dodecagon, layout_basic
D:2:      layout_loops_ring, basic_ecumenical_altar, minmay_misc_feat_chi
D:3:      minmay_angry_zag, layout_rooms, st_stairs_2, uniq_robin
D:4:      layout_layer_cave, chequers_temple_overflow_statue_of_worship,
          serial_shops, shop, palyth_stone_intersect, minmay_misc_feat_ornament,
          lightli_minifort, uniq_pikel

Action                     || total
---------------------------++-------
  Melee: Unarmed           ||     5
         Dagger            ||     4
         Bite              ||     4
   Cast: Freeze            ||    24
    Use: Potion            ||     1
   Stab: Sleeping          ||     1
 Armour: Robe              ||    20
  Dodge: Dodged            ||    25
